 Dungeon Crawl Stone Soup version 0.18.1-48-g4cf74bf (webtiles) character file.

433 wraslar the Skirmisher (level 6, -20/49 HPs)
             Began as a Demonspawn Abyssal Knight on Aug 30, 2016.
             Was a Priest of Lugonu.
             Killed from afar by an orc (33 damage)
             ... with an exploding inner flame
             ... hexed by the player character
             ... on level 4 of the Dungeon on Aug 31, 2016.
             The game lasted 01:04:13 (4278 turns).

wraslar the Skirmisher (Demonspawn Abyssal Knight)  Turns: 4278, Time: 01:04:13

Health: -20/49     AC: 12    Str: 14    XL:     6   Next: 67%
Magic:  8/8        EV:  7    Int: 13    God:    Lugonu [***...]
Gold:   253        SH:  0    Dex: 15    Spells: 0 memorised, 5 levels left

rFire  . . .     SeeInvis .     l - +1 short sword (elec)
rCold  . . .     Gourm    .     p - +0 chain mail
rNeg   . . .     Faith    .     (no shield)
rPois  .         Spirit   .     f - +1 helmet
rElec  .         Dismiss  .     (no cloak)
rCorr  .         Reflect  .     (no gloves)
SustAt .         Harm     .     h - +0 pair of boots
MR     .....                    (no amulet)
Stlth  ..........               (no ring)
                                (no ring)

@: not resistant to hostile enchantments, extremely unstealthy
A: thin skeletal structure 1, demonic guardian 1, powered by death 1
a: Depart the Abyss, Bend Space, Banish, Renounce Religion


You were on level 4 of the Dungeon.
You worshipped Lugonu.
Lugonu was most pleased with you.
You were not hungry.

You visited 1 branch of the dungeon, and saw 5 of its levels.
You visited the Abyss 1 time.

You collected 253 gold pieces.

Inventory:

Hand Weapons
 l - a +1 short sword of electrocution (weapon)
Missiles
 e - 39 bolts
 k - 17 poisoned needles
Armour
 f - a +1 helmet (worn)
 h - a +0 pair of boots (worn)
 m - a +0 animal skin
 n - a +0 helmet
 o - a +0 ring mail
 p - a +0 chain mail (worn)
 s - a +0 scale mail
Jewellery
 j - an uncursed amulet of harm
 r - a +2 ring of protection {unknown}
Wands
 q - a wand of polymorph (18/24)
Scrolls
 d - a scroll of remove curse
Potions
 c - a potion of brilliance
Comestibles
 a - 2 meat rations
 b - 3 bread rations
 g - 2 beef jerkies


   Skills:
 + Level 4.6 Fighting
 + Level 1.0 Short Blades
 + Level 3.8 Armour
 + Level 2.5 Dodging
 + Level 1.2 Stealth
 + Level 3.0 Unarmed Combat
 + Level 2.8 Invocations


You had 5 spell levels left.
You didn't know any spells.

Dungeon Overview and Level Annotations

Branches:
Dungeon (5/15)
 Temple: D:4-7

Altars:
Elyvilon
Fedhas
Kikubaaqudgha
Nemelex Xobeh
Xom


Innate Abilities, Weirdness & Mutations

You have a somewhat thin skeletal structure (Dex +2, Stealth).
A weak demonic guardian rushes to your aid.
You regenerate a little health from kills.


Message History

The worker ant is lightly wounded.
The worker ant bites you but does no damage. x2
An orc comes into view. It is wielding a morningstar.
Read which item? (? for menu, Esc to quit)
As you read the scroll of immolation, it crumbles to dust.
The creatures around you are filled with an inner flame!
You feel less regenerative. The orc hits you but does no damage.
The worker ant bites you but does no damage.
Your white imp hits the orc.
Your white imp freezes the orc.
You hit the worker ant.
The worker ant is moderately wounded.
The orc drinks a potion.
The orc seems to grow stronger.
The worker ant bites you but does no damage.
Your white imp gestures at the orc.
The puff of frost hits the orc.
The orc explodes!
The fiery explosion engulfs you!
Ouch! That really hurt!
You die...

#########
#........
#§.§.....
#§§5.....
#@§......
#.a...o..
#........
#........
#........
.........
##$...##.
##...


You could see a worker ant (inner flame), an orc (inner flame) and a friendly
white imp.

Vanquished Creatures
  A crimson imp (D:5)
  An orc priest (D:5)
  A worker ant (D:5)
  Robin (D:3)
  3 gnolls (D:5)
  3 adders
  An adder skeleton (D:5)
  A worm (D:3)
  2 dart slugs
  3 giant geckos
  11 orcs
  3 giant cockroaches
  12 goblins
  5 hobgoblins
  3 jackals (D:5)
  4 quokkas
  A ball python (D:1)
  3 bats
  A giant cockroach zombie (D:5)
  6 giant newts
  3 kobolds
  6 rats
75 creatures vanquished.

Vanquished Creatures (collateral kills)
  Grinder (D:3)
  An ogre (D:4)
  2 orc priests
  An orc wizard (D:5)
  A giant gecko (D:5)
  4 orcs
  A goblin (D:3)
  A hobgoblin (D:3)
  A quokka (D:4)
  A kobold (D:3)
14 creatures vanquished.

Grand Total: 89 creatures vanquished

Notes
Turn   | Place    | Note
--------------------------------------------------------------
     0 | Abyss:1  | wraslar the Demonspawn Abyssal Knight began the quest for the Orb.
     0 | Abyss:1  | Reached XP level 1. HP: 18/18 MP: 2/2
     9 | D:1      | Escaped the Abyss
   265 | D:1      | Reached skill level 1 in Dodging
   478 | D:1      | Gained mutation: A weak demonic guardian rushes to your aid. [demonic ancestry]
   478 | D:1      | Reached XP level 2. HP: 23/24 MP: 3/3
  1090 | D:2      | Reached ** piety under Lugonu
  1113 | D:2      | Gained mutation: You have a somewhat thin skeletal structure (Dex +2, Stealth). [demonic ancestry]
  1113 | D:2      | Reached XP level 3. HP: 19/30 MP: 4/4
  1308 | D:2      | Found a shimmering altar of Xom.
  1816 | D:2      | Found a white marble altar of Elyvilon.
  2163 | D:3      | Noticed Robin
  2198 | D:3      | Found an ancient bone altar of Kikubaaqudgha.
  2472 | D:2      | Reached XP level 4. HP: 37/37 MP: 5/5
  2718 | D:3      | Noticed Grinder
  2751 | D:3      | Paralysed by Grinder for 7 turns
  2779 | D:3      | Paralysed by Grinder for 7 turns
  2846 | D:3      | Paralysed by Grinder for 7 turns
  2848 | D:3      | Killed Grinder
  2848 | D:3      | Reached skill level 4 in Fighting
  2848 | D:3      | Reached XP level 5. HP: 24/42 MP: 6/6
  2990 | D:3      | Killed Robin
  3166 | D:3      | Reached *** piety under Lugonu
  3601 | D:3      | Found a blossoming altar of Fedhas.
  3903 | D:4      | Noticed an ogre
  3935 | D:4      | Killed an ogre
  4037 | D:5      | Entered Level 5 of the Dungeon
  4037 | D:5      | Found a sparkling altar of Nemelex Xobeh.
  4047 | D:5      | Gained mutation: You regenerate a little health from kills. [demonic ancestry]
  4047 | D:5      | Reached XP level 6. HP: 48/48 MP: 8/8
  4218 | D:5      | Reached skill level 1 in Stealth
  4238 | D:5      | Reached skill level 1 in Short Blades
  4278 | D:4      | Killed from afar by an orc

Skill      XL: |  1  2  3  4  5  6 |
---------------+-------------------+-----
Unarmed Combat | 2 3 |  3.0
Dodging        | 1 2 |  2.5
Armour         | 2 3 |  3.8
Fighting       | 4 |  4.6
Stealth        | 1 |  1.2
Short Blades   | 1 |  1.0
Invocations    | |  2.8

Action                   |  1- 3 |  4- 6 || total
-------------------------+-------+-------++-------
Melee: Unarmed           |   213 |    44 ||   257
       Short sword       |    10 |   146 ||   156
       Punch             |     1 |     4 ||     5
Invok: Bend Space        |     1 |       ||     1
  Use: Scroll            |     6 |     4 ||    10
       Potion            |     3 |     2 ||     5
 Stab: Distracted        |       |     1 ||     1
  Eat: Pizza             |     1 |       ||     1
       Meat ration       |     1 |     1 ||     2
Armor: Leather armour    |    12 |       ||    12
       Ring mail         |    75 |    27 ||   102
       Chain mail        |       |    84 ||    84
Dodge: Dodged            |   119 |    70 ||   189
